 Dungeon Crawl Stone Soup version 0.22.1-1-ga44c0e5 (webtiles) character file.

86 schauveau the Digger (level 4, -1/24 HPs)
             Began as a Gargoyle Earth Elementalist on Sept 29, 2018.
             Was a Follower of Vehumet.
             Slain by a worker ant (5 damage)
             ... on level 2 of the Dungeon.
             The game lasted 00:05:55 (1688 turns).

schauveau the Digger (Gargoyle Earth Elementalist)  Turns: 1688, Time: 00:05:55

Health: -1/24      AC:  7    Str: 12    XL:     4   Next: 49%
Magic:  2/8        EV: 11    Int: 16    God:    Vehumet [*.....]
Gold:   78         SH:  0    Dex: 10    Spells: 7/8 levels left

rFire    . . .     SeeInvis .   g - +0 hand axe
rCold    . . .     Gourm    .   (no shield)
rNeg     + + .     Faith    .   q - +0 leather armour
rPois    ∞         Spirit   .   (no helmet)
rElec    +         Reflect  .   (no cloak)
rCorr    .         Harm     .   (no gloves)
MR       .....                  j - +0 pair of boots
Stlth    +.........             d - amulet of inaccuracy
HPRegen  0.08/turn              e - ring of positive energy
MPRegen  0.11/turn              (no ring)

@: heavily drained
A: negative energy resistance 1, electricity resistance, unbreathing,
petrification resistance, rot immunity, AC +3
a: Renounce Religion


You were on level 2 of the Dungeon.
You worshipped Vehumet.
Vehumet was aware of your devotion.
You were not hungry.

You visited 2 branches of the dungeon, and saw 5 of its levels.

You collected 78 gold pieces.

Inventory:

Hand Weapons
 a - a +0 club
 g - a +0 hand axe (weapon)
 m - a +0 mace
Missiles
 b - 48 stones (quivered)
Armour
 j - a +0 pair of boots (worn)
 q - a +0 leather armour (worn)
Jewellery
 d - an amulet of inaccuracy (around neck)
 e - a ring of positive energy (left hand)
Scrolls
 c - a scroll of identify {unknown}
 f - a scroll of enchant weapon {unknown}
 k - 2 scrolls of teleportation
 l - 2 scrolls of amnesia
 n - a scroll of random uselessness {unknown}
Potions
 o - a potion of flight {unknown}
Comestibles
 h - 4 chunks of flesh
 i - 2 rations


   Skills:
 - Level 1.5(0.4) Dodging
 - Level 2.1(1.1) Stealth
 + Level 2.8(1.7) Spellcasting
   Level 0.7(0.0) Transmutations
 * Level 5.5(4.3) Earth Magic


You had 7 spell levels left.
You knew the following spells:

 Your Spells              Type           Power        Failure   Level  Hunger
a - Sandblast             Erth           ###...       4%          1    ##.....

Your spell library contained the following spells:

 Spells                   Type           Power        Failure   Level  Hunger
 Magic Dart               Conj           #...         26%         1    ##.....
 Passwall                 Tmut/Erth      #.......     17%         2    ###....
 Stone Arrow              Conj/Erth      #.....       32%         3    ####...
 Petrify                  Tmut/Erth      #.......     73%         4    #####..
 Lee's Rapid Deconstruct  Erth           ###.......   77%         5    ######.


Dungeon Overview and Level Annotations

Branches:
Dungeon (4/15)             Temple (1/1) D:4

Altars:
Ashenzari
Cheibriados
Dithmenos
Elyvilon
Fedhas
Gozag
Hepliaklqana
Kikubaaqudgha
Makhleb
Nemelex Xobeh
Okawaru
Qazlal
Sif Muna
Trog
Uskayaw
Vehumet
Wu Jian
Xom
Yredelemnul
Zin
The Shining One


Innate Abilities, Weirdness & Mutations

You are resistant to torment.
Your stone body is resilient. (AC +3)
You are immune to poison.
You resist negative energy. (rN+)
You are resistant to electric shocks. (rElec)
You can survive without breathing.
You are immune to petrification.
You are immune to rotting.


Message History

b - 50 stones The worker ant barely misses you.
Casting: Sandblast (safe; 4% risk of failure)
Confirm with . or Enter, or press ? or * to list all spells.
Aiming: Sandblast (safe; 4% risk of failure)
Press: ? - help, Shift-Dir - straight line, f/p - worker ant
Aim: a worker ant (heavily wounded)
The blast of sand misses the worker ant.
b - 49 stones The worker ant bites you.
* * * LOW HITPOINT WARNING * * *
Casting: Sandblast (safe; 4% risk of failure)
Confirm with . or Enter, or press ? or * to list all spells.
Aiming: Sandblast (safe; 4% risk of failure)
Press: ? - help, Shift-Dir - straight line, f/p - worker ant
Aim: a worker ant (heavily wounded)
The blast of sand misses the worker ant.
b - 48 stones The worker ant bites you.
You die...

........# ##.<...##
###.##..# ##.......##
........####.......(.#
...........'.........+
#####...####.........#
##..# ##.......## ##.#
##.....## #.# ##...##
#.# ##@## #.# #a# #.
#.# #.# ... ... ...
##..#


You could see a worker ant.

Vanquished Creatures
  A worker ant (D:3)
  2 adders
  A worm (D:2)
  2 dart slugs
  A leopard gecko (D:1)
  4 bats (D:1)
  2 giant cockroaches
  6 goblins
  4 hobgoblins
  2 jackals (D:1)
  2 ball pythons (D:1)
  A ball python skeleton (D:4)
  2 frilled lizards (D:1)
  2 kobolds
  5 rats
37 creatures vanquished.

Notes
Turn   | Place    | Note
-------+----------+-------------------------------------------
     0 | D:1      | schauveau the Gargoyle Earth Elementalist began the quest
                  | for the Orb.
     0 | D:1      | Reached XP level 1. HP: 10/10 MP: 3/3
    82 | D:1      | Reached skill level 4 in Earth Magic
   156 | D:1      | Reached XP level 2. HP: 13/15 MP: 5/5
   521 | D:3      | Reached XP level 3. HP: 19/19 MP: 4/6
   605 | D:4      | Found a staircase to the Ecumenical Temple.
   617 | Temple   | Entered the Ecumenical Temple
   731 | Temple   | Became a worshipper of Vehumet
   803 | D:3      | Reached skill level 5 in Earth Magic
  1013 | D:1      | Reached XP level 4. HP: 23/24 MP: 6/8
  1682 | D:2      | Reached * piety under Vehumet
  1682 | D:2      | Offered knowledge of Magic Dart by Vehumet.
  1688 | D:2      | Slain by a worker ant

Skill      XL: |  1  2  3 |
---------------+----------+-----
Earth Magic    | 4 5 |  5.5
Dodging        | |  1.5
Stealth        | |  2.1
Spellcasting   | |  2.8
Transmutations | |  0.7

Action                   |  1- 3 |  4- 6 || total
-------------------------+-------+-------++-------
Melee: Club              |    10 |       ||    10
       Hand axe          |    31 |    74 ||   105
 Cast: Sandblast         |    20 |    10 ||    30
  Use: Scroll            |       |     5 ||     5
  Eat: Ration            |     1 |       ||     1
Armor: Robe              |     5 |       ||     5
       Leather armour    |    16 |    39 ||    55
Dodge: Dodged            |    48 |    58 ||   106
